[Event "44th Chess Olympiad Women 2022"]
[Site "Chennai"]
[Date "2022.08.05"]
[Round "7.14"]
[White "Aydin, Gulenay"]
[Black "Heinemann, Josefine"]
[Result "1/2-1/2"]
[WhiteElo "2100"]
[BlackElo "2321"]
[Annotator "TA"]
[PlyCount "65"]
[EventDate "2022.??.??"]
[TimeControl "60"]

1.
e4 c5 2. Nc3 d6 3. Bb5+ Bd7 4. Bxd7+ Qxd7 5. d4 cxd4 6. Qxd4 {
[%emt 0:00:04] B23: Closed Sicilian: Lines without g3.} Nc6 7.
Qd3 g6 8. Nf3 {[%emt 0:00:32] The position
is equal.} Bg7 9. O-O Nf6 10. Nd5 O-O 11. Bg5 Nxd5 12. exd5 Ne5 13. Nxe5 Bxe5 14. Rae1 Rfe8 15. c3 Rac8 {[%emt 0:05:02] [#]} 16. h4 $146 ({Predecessor:} 16. f4 Bf6 17. h4 Bg7 18. f5 Be5 19. h5 f6 20. Be3 g5
21. Bxa7 Qa4 22. Bd4 Qxa2 23. Bxe5 dxe5 {1-0 (68) Sanal,V (2601)-Shuvalova,P 
(2504) Chess.com INT 2022}) 16... Bf6 17. Bxf6 exf6 18. Qd4 Qf5 19. Qxa7 Qxd5 20. Rd1 Qc6 21. Qd4 Re6 22. Rfe1 {
[%emt 0:00:53] Hoping for Rxe6.} Rce8 23. Rxe6 Rxe6 $11 {[%emt 0:00:07] Endgame KQR-KQR} 24. c4 Kg7 25. b3 h5 26. Qd5 Qb6 27. Qd2 {[%emt 0:01:33] Against Re2} Qa6 28. a4 Qb6 29. Qd3 Qb4 30. Qc2 Re5 31. Qd3 Re6 32. Qc2 Re5 33. Qd3 {[%emt 0:00:02] Weighted Error Value: White=0.05 (flawless) /
Black=0.03 (flawless)} 1/2-1/2

[Event "44th Chess Olympiad Women 2022"]
[Site "Chennai"]
[Date "2022.08.05"]
[Round "7.14"]
[White "Kocyigit, Buse Naz"]
[Black "Schneider, Jana"]
[Result "0-1"]
[WhiteElo "1991"]
[BlackElo "2342"]
[Annotator "TA"]
[PlyCount "88"]
[EventDate "2022.??.??"]
[TimeControl "60"]

1. d4 Nf6 2. Bg5 d5 3. Bxf6 gxf6 4. e3 c5 5. c4 cxd4 6. Qxd4 {[%emt 0:05:05] D00:1 d4 d5: Unusual lines.} dxc4 7.
Qxd8+ Kxd8 8. Bxc4 {[%emt 0:00:19] The
position is equal.} e6 {[%emt 0:00:38] [#]} 9. Ne2 $146 (9.
Nc3 {looks sharper.} Rg8 10. Rd1+ Bd7 11. Nge2) ({Predecessor:} 9. Nc3 a6 10.
Be2 Bd7 11. Nf3 Nc6 12. O-O-O Kc7 13. Kb1 Rd8 14. Nd4 Nxd4 15. Rxd4 {0-1 (40)
Olund,J (2313)-Tsydypov,Z (2568) Chess.com INT 2019}) 9... f5 10. Nbc3 Ke7 11. O-O Nd7 12. Rfd1 Bg7 (12... Ne5 {
is more complex.} 13. Bb3 Bd7 14. f4 Ng4) 13. Rd2 Rg8 {
[%emt 0:03:35] [#] ...Ne5 is the strong threat.} 14. Nd4 Nb6 15. Be2 Bh6 16. Bf3 Nc4 17. Re2 (17. Rc2 $5 ) 17... e5 18. Nd5+ Kf8 19. Rc2 Nd6 ({Better is
} 19... Nxe3 $1 $11 20. fxe3 exd4) 20. Nc7 $14 Rb8 21. Ndb5 (21. Ne2 $5 ) 21... Nxb5 22. Nxb5 e4 23. Be2 f4 24. exf4 $1 ({Of course not} 24.
Nxa7 Bh3 25. g3 fxe3 $17) 24... Bxf4 25. Nxa7 Bh3 26. g3 e3 27. f3 Be5 28. Rd1 Ra8 29. Nb5 Rxa2 30. Bc4 Rxb2 31. Rxb2 Bxb2 {[%emt 0:00:00] This
bishop pair is nice.} 32. Re1 Bd7 {[%emt 0:02:31] aiming for .
..Rg5.} 33. Nd6 (33. Rb1 $11 {keeps the balance.} Be5 34. Kf1)
33... Rg6 $17 34. Nxf7 {[%emt 0:00:46] This move loses the
game for White.} (34. Rd1 $17 {is a better chance.}) 34... Rc6 $19 35. Bd5 Rc5 36. Bb3 Bd4 37. Nd6 Rc3 38. Bd5 Rc2 {[%emt 0:01:57] [#] And now ...Rf2 would win.} 39. Be4 (39. Nc4 $142 e2+ 40. Kg2) 39... Rf2 {[%emt 0:01:09] Strongly
threatening ...e2.} 40. Bd3 e2 41. Kh1 Bh3 {[%emt 0:00:36] ( -> ...Bg2+)} 42. Nb5 Bc5
{[%emt 0:01:10] Black mates.} 43. Nc3 Bg2+ 44. Kg1 Bxf3 {[%emt 0:00:13] Weighted Error Value: White=0.59/
Black=0.16 (very precise)} 0-1

[Event "44th Chess Olympiad Women 2022"]
[Site "Chennai"]
[Date "2022.08.05"]
[Round "7.14"]
[White "Paehtz, Elisabeth"]
[Black "Atalik, Ekaterina"]
[Result "1-0"]
[WhiteElo "2484"]
[BlackElo "2422"]
[Annotator "TA"]
[PlyCount "97"]
[EventDate "2022.??.??"]
[TimeControl "60"]

1. d4 Nf6 2. c4 e6 3. Nf3 d5 4. g3 Be7 5. Bg2 O-O 6. Qc2 c6 7. O-O b6 8. Rd1 Bb7 9. Nc3 Nbd7 10. b3 Rc8 11. e4 c5 {[%emt 0:01:45] E08:
Closed Catalan: Main Line: 7 Qc2.} (11... dxe4 $14 12. Ng5 Qe8) 12. dxc5 ({Only move:} 12. exd5 $1 $16 exd5 13. Bb2) 12... dxc4 $11 13. b4 bxc5 {[%emt 0:08:39] The position is
equal.} (13... a5 $5 14. a3 axb4 15. axb4 bxc5 $11) 14. b5 Qc7 {[%emt 0:01:08] Against Ne5} 15. Bf4 ({
White should try} 15. a4 $14) 15... e5 16. Bg5 {[%emt 0:00:05]
[#]} h6 $146 ({Predecessor:} 16... Nb6 17. a4 Rcd8 18. a5 Nc8
19. Nd2 Rd4 20. b6 axb6 21. Nb5 Rxd2 22. Rxd2 Qc6 23. Bxf6 Bxf6 24. Qxc4 {
½-½ (43) Skalkotas,N (2330)-Michos,T Aegina 1993}) 17. Bxf6 Nxf6 18. Bf1 Rfd8 19. Bxc4 Rd4 20. Qb3 Bf8 21. Rdc1 (21. a4 $14) 21... Rd7 (21... Nxe4 $11 {remains equal.} 22. Nxd4 Nd2 23. Bxf7+ Kh8) 22. Re1 Rcd8 23. Re3 {[%emt 0:08:43]
Inhibits Rd3.} g6 24. h3 (24. a4 $5 ) 24... h5 25. b6 (25. Re2 $14) 25...
axb6 26. Nb5 Qb8 {[%emt 0:01:03] Threatens
to win with ...Bh6.} 27. Ng5 {[%emt 0:01:14] White is more active. Pair of
Knights!} Bh6 28. Bxf7+ (28. Nxf7 $14 Kh7 29.
Nxd8 Qxd8 30. Rd3 Bxe4 31. Rxd7+ Qxd7 32. Nc3) 28... Kh8 29.
h4 Bxg5 30. hxg5 Nxe4 31. Qe6 $1 Bd5 (31... Rd1+
32. Re1 Rxa1 33. Rxa1 $16) 32. Qxg6 Rxf7 33. Rxe4 {[%emt 0:00:45] aiming for Rh4. Chess con chili.} Rg7 $132 {
[%emt 0:00:55] Black has counterplay} 34. Qh6+ (34. Qxh5+ Rh7
35. Qg6 Bxe4 36. Qxe4 Rg8 $17) 34... Kg8 35. Nc3 Ba8 {[%emt 0:02:30] [#]} (35... Rd6 $14 36. Qxh5 Rh7) 36. Qe6+ $1 $18 Kh7 37. Qh6+ $2 ({Weaker is} 
37. Rxe5 Qd6 $16) (37. Rh4 $18 {[%cal Rh4h5] is the precise move to win.} Rxg5
38. Qf7+ Kh8 39. Qf6+ Rg7 40. Rxh5+ Kg8 41. Qe6+ Rf7 42. Qg4+ Rg7 43. Qc4+ Rf7
44. Qh4) 37... Kg8 $16 38. Qe6+ $2 (38. Rh4
$16 Qc7 39. Qxh5 (39. Rxh5 Qc6 $11)) 38... Kh7 $1 $18 39. Rh4 ({Less strong is} 39. Rxe5 Qd6 $16) 39... Rxg5 {
[%emt 0:01:08] [#]} 40. Qf7+ $1 Kh8 41. Qf6+ Rg7 42. Rxh5+ Kg8 43. Qe6+ Rf7 44. Rg5+ (44. Qh3 $142 Qd6 45. Rh8+ Kg7 46. Qh7+ Kf6 47. Qh4+ Kg7 48. Rxd8 Qxd8 49.
Qxd8) 44... Kf8 {[%emt 0:00:00] White is clearly winning.} 45. Qh6+ Ke7 46. Re1 Rd6 47.
Rgxe5+ Kd7 48. Qh3+ Kc6 49. Re8 {[%emt 0:00:00] Weighted Error Value: White=0.48/
Black=0.41} 1-0

[Event "44th Chess Olympiad Women 2022"]
[Site "Chennai"]
[Date "2022.08.05"]
[Round "7.14"]
[White "Wagner, Dinara"]
[Black "Okuyaz, Duru"]
[Result "1-0"]
[WhiteElo "2341"]
[BlackElo "2090"]
[Annotator "ChessBase"]
[PlyCount "75"]
[EventDate "2022.??.??"]
[TimeControl "60"]

1. d4 d5 2. c4 c6 3. Nf3 Nf6 4. e3 Bf5 5. Nc3 e6 6. Nh4 Be4 7. f3 Bg6 8. Qb3 Qc7 9. Bd2 Be7 10. Nxg6 hxg6 11. cxd5 Nxd5 12. O-O-O Nxc3 13. Bxc3 Nd7 14. Kb1 O-O 15. h4 c5 16. h5 cxd4 17. Bxd4 e5 18. Bc3 gxh5 19. Rxh5 g6 20.
Rh3 Nc5 21. Qc2 Rfd8 22. Rc1 Ne6 23. Bd3 Bf6 24. Rch1 Nf8 25.
g4 Qd6 26. Be4 Bg7 27. f4 Ne6 28. fxe5 Qb6 29. Bxg6 Ng5 30. Bxf7+ Nxf7 31. e6 Qxe6 32. Qh7+ Kf8 33. Qxg7+ Ke7 34. Bb4+ Kd7 35. Qd4+ Kc7 36. Rc1+ Kb8 37. Qf4+ Ne5 38. Rh5 1-0

[Event "44th Chess Olympiad Women 2022"]
[Site "Chennai"]
[Date "2022.08.05"]
[Round "7.15"]
[White "Baginskaite, Kamile"]
[Black "Gara, Ticia"]
[Result "1/2-1/2"]
[WhiteElo "2134"]
[BlackElo "2367"]
[Annotator "ChessBase"]
[PlyCount "69"]
[EventDate "2022.??.??"]
[TimeControl "60"]

1. d4 Nf6 2. c4 e6 3. g3 d5 4. Bg2 dxc4 5. Qa4+ Nbd7 6. Qxc4 a6 7. Be3 Nb6 8. Qb3 Nbd5 9. Nf3 c5 10. dxc5 Nxe3 11. Qxe3 Qc7 12. Nbd2 Bxc5 13. Rc1 Bxe3 14. Rxc7 Nd5 15. Rc1 Ba7 16. Ne5 f6 17. Nd3 Bd7 18. Nf4 Nxf4 19. gxf4 Ke7 20. O-O Rac8 21. Bxb7 Rxc1 22. Rxc1 Rb8 23. Bxa6 Rxb2 24. Ne4 Rxa2 25. Bd3 f5 26. Nc3 Ra5 27. Nd1 Ra4 28. e3 Ra3 29. Be2 Kf6 30. Bf3 Bb8 31. Nb2 Rb3 32. Nc4 Bb5 33. Kg2 Bxc4 34. Rxc4 Rb6 35. h4 1/2-1/2

[Event "44th Chess Olympiad Women 2022"]
[Site "Chennai"]
[Date "2022.08.05"]
[Round "7.15"]
[White "Gaal, Zsoka"]
[Black "Zaksaite, Salomeja"]
[Result "1-0"]
[WhiteElo "2313"]
[BlackElo "2212"]
[Annotator "TA"]
[PlyCount "91"]
[EventDate "2022.??.??"]
[TimeControl "60"]

1. Nf3 Nf6 2. c4 g6 3. Nc3 Bg7 4. e4 d6 5. d4 O-O 6. h3 c5 7. d5 e6 8. Be3 exd5 9. exd5 Re8 10. Bd3 b5 {[%emt 0:15:01] E90: King's Indian:
Classical: Early deviations and 6 h3.} (10... a6 $14) 11. cxb5 {[%emt 0:07:22]
White is more active.} ({White must play} 11. Nxb5 $16 {Hoping for 0-0.} Bh6
12. O-O Bxe3 13. fxe3) 11... Bb7 12. O-O Nbd7
{[%emt 0:10:36] White is slightly better.} 13. Bc4 {[%emt 0:11:05] [#]} Ne4
$146 ({Predecessor:} 13... a6 14. a4 Nb6 15. Qd3 axb5 16. Bxb5
Nbxd5 17. Bxe8 Qxe8 18. Bg5 Nxc3 19. bxc3 Ne4 {1-0 (61) Jedlicka,A (2253)
-Soural,J (2213) Prague 2018}) 14. Qd3 Nxc3 15. bxc3 Qa5 16. Rfc1 Nb6 17. a4 $1 Nxc4 18. Qxc4 a6 19. Rab1 axb5 20. axb5 ({But not} 20. Rxb5 Ba6 $15) 20... Qa3 21. Qd3 Bc8 (21... Qa2 $1 $14) 22.
Qd1 $16 Bf5 23. Ra1 Qb2 24. Rxa8 Rxa8 25. c4 h5 {[%emt 0:06:46] [#]} (25... h6 $16) 26. Nh4 $2 (26. Bf4 $1 $18) 26... Bd7 (26... Be4 $11 {keeps the
balance.}) 27. Qd2 Qb3 28. Qc2 (28. Nf3 $142) 28... Qa3 (28... Qxc2 $16 29. Rxc2 Bf6)
29. Bf4 $18 Bf6 30. Nxg6 Kg7
$16 {[%emt 0:00:16] [#]} 31. Bxd6 fxg6 32. b6
$36 {[%emt 0:01:33] Black must now prevent b7. White has the initiative.} Bf5 (32... Bc8 $1 $11) 33. Qd2 $14 {[%emt 0:00:00] Threatens to
win with b7.} Qb3 $2 (33... Rd8 $14 34. Bc7 Re8) 34. Bxc5 $18
{[%emt 0:00:43] aiming for Bd4.} Ra2 35. Qf4 Rb2 $2 (35... Qb2 36. Qe3 Ra4) 36. Bd4 Rb1 37. Bxf6+ Kxf6 38. Qd4+ (38. Qd6+ $142 Kg7 39. Rxb1 Qxb1+ 40. Kh2) 38... Kf7 39. Rxb1 Qxb1+ 40. Kh2 {[%emt 0:00:
06] And now Qc5 would win.} Qb4 {[%emt 0:00:35] Inhibits Qc5.} 41. d6 {[%emt 0:
08:43] Intending d7 and mate.} Bd7 42. Qd5+ Be6 43. Qb7+ {[%emt 0:00:19] White mates.} Kf6 44. Qe7+ Kf5 45. b7 h4 46. Qf8+ {[%emt 0:00:40] Weighted Error Value: White=0.33/
Black=0.74} (46. Qc7 $142 g5 47. d7 Bxd7 48. Qxd7+ Ke5 49. Qd5+ Kf4 50. Qf7+
Ke5 51. Qd5+ Kf4 52. Qf3+ Ke5 53. Qd5+) 1-0

[Event "44th Chess Olympiad Women 2022"]
[Site "Chennai"]
[Date "2022.08.05"]
[Round "7.15"]
[White "Hoang, Thanh Trang"]
[Black "Martynkova, Olena"]
[Result "1/2-1/2"]
[WhiteElo "2376"]
[BlackElo "2213"]
[Annotator "TA"]
[PlyCount "135"]
[EventDate "2022.??.??"]
[TimeControl "60"]

1. d4 d6 2. e4 Nf6 3. Nc3 e5 4. Nf3 exd4 5. Nxd4 Be7 6. Be2 O-O 7. O-O c6 {[%emt 0:02:36] C41: Philidor
Defence.} 8. Bf3 Re8 9. Re1 {[%emt 0:01:49] 
[#]} Na6 $146 ({Predecessor:} 9... Bf8 10. Bg5 Nbd7 11. g3 h6
12. Bf4 Ne5 13. Bg2 Qb6 14. b3 Bg4 15. Qd2 c5 {0-1 (44) Kruszynski,W (2313)
-Schulz,K (2293) Katowice 2017}) 10. Bf4 Nc5 11. Bg3 a5 12. a4 Qb6 13. b3 Bd7 14. h3 Rad8 15. Qd2 Bc8 16.
Rad1 Qb4 17. Na2 Qb6 18. Nc3 Qb4 19. Nb1 g6 (19... d5 $11 {is more appropriate.}) 20. c3 $14 Qb6 21. Qc2 (21. Na3 $5 ) 21... Ne6 22. Nxe6 Bxe6 23. c4 Nd7 24. Bg4 Nc5 {[%emt 0:02:10] Threatening ...Bxg4.} 25. Nd2 d5 26. exd5 (26. cxd5 {keeps more tension.} cxd5
27. Bxe6 Nxe6 28. exd5 Rxd5 29. Nc4) 26... cxd5 27. Bxe6 Nxe6 28. cxd5 Rxd5 29. Nc4 Rxd1 30. Rxd1 (30. Nxb6 $2 Rxe1+ 31. Kh2 Rd8 $19) 30... Qb4 31. Be5 Rd8 32. Rxd8+ Bxd8 33. Bc3 Qc5 34. Qd2 b6 35. Qd7 Bc7 {[%emt 0:00:20] Inhibits Nd6.} 36. Qe8+ Qf8 37. Qc6 Qc5 38. Qa8+ Qf8 39. Qf3 Qd8 40. Bf6 Qe8 (40... Nd4 $11 41. Bxd4 Qxd4) 41. Ne3 {
[%emt 0:04:08] White is more active.} Nc5 42. Qd5 Qe4 43. g3 Qxd5 44.
Nxd5 $11 {[%emt 0:00:08] Endgame KBN-KBN} Bd6 45. Nxb6 Nxb3 46. Kf1 Nc5 47. Bd4 Ne6 48. Bc3 Bc7 (48... f5 $11 {remains equal.}) 49. Nd5 $16 (
{Of course not} 49. Bxa5 f6 $11) 49... Bd8 50. Ke2 {[%emt 0:
02:03] Black must now prevent Kd3.} f5 (50... Kf8 $1 $14) 51.
Kd3 $1 $18 Nc5+ 52. Kc4 Ne4
{[%emt 0:00:16] [#]} 53. Be1 Kf7 {[%emt 0:00:00] [#]} 54. Kb5
$1 Ke6 55. Nb6 g5 56. Nc4 f4 (56... Bf6 $16 {keeps
fighting.}) 57. gxf4 ({Much less strong is} 57. Nxa5 Bf6 58.
gxf4 gxf4) ({Not} 57. Bxa5 Bxa5 58. Nxa5 Nxf2 59. gxf4 gxf4 $11) 57... gxf4 58. Nxa5 (58. f3 $18 Ng5 59. Bh4) 58... Kd5 (58... Bh4 $16 {was necessary.}) 59. Nc4 Kd4
$2 (59... Nc5 {is a better chance.}) 60. a5 $2 (60. f3 $18) 60... Bxa5 $1 $11 {[%emt 0:00:15] The position is equal.} 61.
Bxa5 {[%emt 0:00:19] And now h4 would win.} Kd3 $1 62. f3 Ng5 63. Ne5+ Ke2 64. Kc5 Nxh3 65. Bd8 {
[%emt 0:00:30] Threatens to win with Kd4.} Ng1 66. Bg5 Nxf3 67. Bxf4 Nxe5 68. Bxe5 {[%emt 0:00:04] Black escapes into a draw. Weighted Error
Value: White=0.16 (very precise) /Black=0.24 (precise)} 1/2-1/2

[Event "44th Chess Olympiad Women 2022"]
[Site "Chennai"]
[Date "2022.08.05"]
[Round "7.15"]
[White "Simkunaite, Gabija"]
[Black "Terbe, Julianna"]
[Result "1/2-1/2"]
[WhiteElo "2010"]
[BlackElo "2291"]
[Annotator "ChessBase"]
[PlyCount "78"]
[EventDate "2022.??.??"]
[TimeControl "60"]

1. e4 c5 2. Nf3 Nc6 3. Bb5 g6 4. O-O Bg7 5. Bxc6 dxc6 6. Re1 Nf6 7. e5 Nd5 8. d3 O-O 9. Nbd2 b6 10. Ne4 Bg4 11. Ng3 Qb8 12. c4 Nc7 13.
Bd2 Ne6 14. Bc3 Ng5 15. h4 Bxf3 16. Qd2 Ne6 17. gxf3 Rd8 18.
Re4 Rd7 19. Rd1 Qf8 20. Qe3 Rad8 21. Ne2 Bh6 22. f4 Ng7 23. Qh3 f5 24. Re3 e6 25. b3 Nh5 26. Rf3 Qe7 27. Bb2 b5 28.
Ba3 a5 29. Bc1 a4 30. cxb5 cxb5 31. bxa4 b4 32. a3 Ra7 33. axb4 cxb4 34. d4 Rxa4 35. Ng3 Ra1 36. Nxh5 gxh5 37. Rfd3 Kh8 38. d5 Rg8+ 39. Kf1 Qc5 1/2-1/2

[Event "44th Chess Olympiad Women 2022"]
[Site "Chennai"]
[Date "2022.08.05"]
[Round "7.16"]
[White "Bobomurodova, Maftuna"]
[Black "Velikic, Adela"]
[Result "1/2-1/2"]
[WhiteElo "1914"]
[BlackElo "2273"]
[Annotator "NA RC"]
[PlyCount "93"]
[EventDate "2022.??.??"]
[TimeControl "60"]

1. e4 c6 2. d4 d5 3. Nd2 dxe4 4. Nxe4 Bf5 5. Ng3 Bg6 6. Nf3 Nd7 7. Bd3 e6 8. O-O Ngf6 9. c4 Be7 10. b3 O-O 11. Bxg6 hxg6 12. Bb2 a5 13.
Bc3 b5 14. Ne5 Qc7 15. Qe2 b4 16. Bb2 Nxe5 17. dxe5 Nd7 18. f4 a4 19. Ne4 Nc5 20. Bd4 Nxe4 21. Qxe4 Rfd8 22. Rfd1 Rd7 23. Bf2 axb3 24. axb3 Ra3 25. Qf3 Qd8 26. h3 g5 27. fxg5 Bxg5 28. Bc5 Rd2 29. Rab1 Raa2 30. Rxd2 Qxd2 31. Rf1 Kh7 32. Qe4+ Kg8 33. Qxc6 Be3+ 34. Bxe3 Qxe3+ 35. Kh1 Rf2 36. Rxf2 Qxf2 37. Qa8+ Kh7 38. Qe4+ g6 39. Kh2 Qb2 40. Qh4+ Kg8 41. Qg3 Qc3 42. h4 Kf8 43. Kh3 Qc2 44. Qf3 Qc3 45. Qg3 Qc2 46. Kh2 Qc3 47. Kh3 1/2-1/2

[Event "44th Chess Olympiad Women 2022"]
[Site "Chennai"]
[Date "2022.08.05"]
[Round "7.16"]
[White "Eric, Jovana"]
[Black "Omonova, Umida"]
[Result "1/2-1/2"]
[WhiteElo "2271"]
[BlackElo "2195"]
[Annotator "NA RC"]
[PlyCount "63"]
[EventDate "2022.??.??"]
[TimeControl "60"]

1. e4 e5 2. Nf3 Nc6 3. Bc4 Bc5 4. d3 Nf6 5. Nc3 a6 6. Bg5 h6 7. Bxf6 Qxf6 8. Nd5 Qd8 9. c3 d6 10. d4 Ba7 11. dxe5 Nxe5 12. Nxe5 dxe5 13. Qh5 O-O 14. Qxe5 Re8 15. Qf4 Qd6 16. Qxd6 Rxe4+ 17. Kd2 cxd6 18. Bd3 Re5 19. Ne3 Bd7 20. Rae1 Rae8 21. Re2 d5 22. Rhe1 d4 23. cxd4 Bxd4 24. Nd1 Rxe2+ 25. Rxe2 Rd8 26. Nc3 b5 27. a3 a5 28. Kc2 b4 29. axb4 axb4 30. Nb5 Bf6 31. Bc4 Bxb5 32. Bxb5 1/2-1/2

[Event "44th Chess Olympiad Women 2022"]
[Site "Chennai"]
[Date "2022.08.05"]
[Round "7.16"]
[White "Gajcin, Marina"]
[Black "Malikova, Marjona"]
[Result "1-0"]
[WhiteElo "2271"]
[BlackElo "1756"]
[Annotator "NA RC"]
[PlyCount "129"]
[EventDate "2022.??.??"]
[TimeControl "60"]

1. e4 c6 2. Nf3 d5 3. Nc3 Bg4 4. h3 Bxf3 5. Qxf3 Nf6 6. Be2 d4 7. Nd1 e5 8. O-O Nbd7 9. a4 Bd6 10. Bc4 Qe7 11. d3 h6 12. Qe2 g5 13. c3 O-O-O 14. g3 Rdg8 15. b4 Nf8 16. Bb2 Ng6 17. cxd4 Nf4 18. gxf4 gxf4+ 19. Kh1 Ng4 20. Qf3 Qh4 21. Bxf7 h5 22. Bxg8 Rxg8 23. Rg1 Qg5 24. Rxg4 hxg4 25. Qxg4+ Qxg4 26. hxg4 Rxg4 27. dxe5 Bxb4 28.
Bc3 Be7 29. f3 Rg3 30. Be1 Rxf3 31. Nb2 Bc5 32. Kg2 Re3 33. Bf2 Re2 34. Nd1 Bd4 35. Rb1 Bxe5 36. Kf1 Rd2 37. d4 Bxd4 38. Ke1 Ra2 39. Rb4 Bxf2+ 40. Nxf2 a5 41. Rc4 Kd7 42. Nd3 b5 43. Rd4+ Ke6 44. axb5 cxb5 45. Rd5 b4 46. Nxf4+ Ke7 47. Rb5 Ke8 48. e5 Ra3 49. e6 Ke7 50. Rb7+ Kd6 51. Kd2 Ra2+ 52. Ke3 Ra3+ 53. Kd4 Ra1 54. Rb6+ Kc7 55. Nd5+ Kc8 56. Rc6+ Kb7 57. Rc7+ Kb8 58. e7 Rd1+ 59. Ke4 Re1+ 60. Ne3 Kxc7 61. e8=Q Kb6 62. Kd4 Rc1 63. Nd5+ Ka6 64. Qe2+ Kb7 65. Qb5+ 1-0

[Event "44th Chess Olympiad Women 2022"]
[Site "Chennai"]
[Date "2022.08.05"]
[Round "7.16"]
[White "Yakubbaeva, Nilufar"]
[Black "Injac, Teodora"]
[Result "1/2-1/2"]
[WhiteElo "2299"]
[BlackElo "2372"]
[Annotator "TA"]
[PlyCount "92"]
[EventDate "2022.??.??"]
[TimeControl "60"]

1. c4 e5 2.
Nc3 Bb4 3. Nd5 Be7 4. d4 d6 5. Nf3 Nf6 6. dxe5 {[%emt 0:02:48] A21: English Opening: 1...e5 2 Nc3.} (
6. Nc3 {with more complications.} exd4 7. Nxd4 d5 8. Bf4) 6... dxe5 {[%emt 0:
00:00] [#]} 7. Nxf6+ $146 ({Predecessor:} 7. Nxe5 O-O 8. e3 c6
9. Nxf6+ Bxf6 10. Qxd8 Rxd8 11. Nf3 a5 12. Bd2 Bxb2 13. Rb1 {0-1 (45)
Kovacevic,B (2455)-Bosiocic,M (2619) Slovenia 2019}) 7... Bxf6 8. Qxd8+ Kxd8 9. Bg5 Bxg5 10. Nxg5 Ke7 11. e3 Bf5 12. Rd1 f6 13.
Nf3 Nd7 14. Be2 a5 15. Nh4 Be6 16. f4 Rhd8 17. O-O Nb6 18. fxe5 fxe5 19. Bd3 g6 ({Resist} 19... Bxc4 20. Nf5+ Ke8 21. Nxg7+ Ke7 22. Nf5+ Ke8 23. Bxc4 Rxd1
24. Rxd1 $14) 20. b3 {[%emt 0:04:03] Inhibits Na4.} c6 21. Be4 Rxd1 22. Rxd1 a4 23. Nf3 axb3 24. axb3 Ra3 25. Bc2 Bf5 26. Bxf5 gxf5 27. Nxe5 Rxb3 $15 {
[%emt 0:00:09] Endgame KRN-KRN} ({Much less strong is} 27... Ke6 28. Nf3 $14)
28. Kf2 Kf6 29. Nd7+ {[%emt 0:01:18] The
position is equal.} Nxd7 30. Rxd7 $11 {[%emt 0:00:04] KR-KR}
h5 31. Kf3 Rb4 32. Rh7 Kg6 33. Rd7 Kf6 34. Rh7 Rxc4 {[%emt 0:02:08] Threatens to win with ...b5.
} 35. Rxb7 Ke6 36. g3 h4 37. Rh7 hxg3 38. hxg3 c5 39. Rh8 Rg4 40. Re8+ Kd6 41. e4 Rxe4 42. Rxe4 fxe4+ 43. Kxe4 Ke6 44. g4 Kf6 45. Kd5 Kg5 46. Kxc5 Kxg4 {[%emt 0:00:03] Weighted Error Value: White=0.07 (flawless) /Black=0.06 
(flawless)} 1/2-1/2

[Event "44th Chess Olympiad Women 2022"]
[Site "Chennai"]
[Date "2022.08.05"]
[Round "7.17"]
[White "Guindy, Esmat Susanne"]
[Black "Yao, Lan"]
[Result "0-1"]
[WhiteElo "2097"]
[BlackElo "2274"]
[Annotator "NA RC"]
[PlyCount "112"]
[EventDate "2022.??.??"]
[TimeControl "60"]

1. d4 Nf6 2. g3 d5 3. Bg2 e6 4. c4 dxc4 5. Qa4+ Nbd7 6. Qxc4 a6 7. Nf3 b5 8. Qc2 Bb7 9. O-O Be7 10. Nc3 O-O 11. e4 b4 12. e5 bxc3 13.
exf6 Nxf6 14. bxc3 c5 15. Rd1 Rc8 16. Qb3 Be4 17. Qa4 Qd5 18.
c4 Qh5 19. Ne1 cxd4 20. Rxd4 Bc5 21. Rxe4 Nxe4 22. Bxe4 Qe2 23. Qc2 Qxe1+ 24. Kg2 f5 25. Bf3 Qe5 26. Rb1 Bd4 27. Bb7 Rcd8 28. Rb3 Rf7 29. Bxa6 Qe4+ 30. Qxe4 fxe4 31. Be3 Bxe3 32. Rxe3 Ra8 33. Bb5 Rxa2 34. c5 Rfxf2+ 35. Kh3 Rxh2+ 36. Kg4 Rac2 37. Bd7 Rxc5 38. Bxe6+ Kf8 39. Rxe4 Rf2 40. Kh3 Rc3 41. Bd5 Rf5 42. Rd4 g6 43. Kh4 Kg7 44. Be4 Ra5 45. Bb1 Kh6 46. Kh3 Ra1 47. Rb4 Raa3 48. Rh4+ Kg7 49. Rg4 Ra1 50. Rb4 Rc1 51. Be4 Re1 52. Kh4 Kh6 53. g4 Ra5 54. Bb1 Rh1+ 55. Kg3 Kg5 56. Be4 Rg1+ 0-1

[Event "44th Chess Olympiad Women 2022"]
[Site "Chennai"]
[Date "2022.08.05"]
[Round "7.17"]
[White "Houska, Jovanka"]
[Black "Nilssen, Ellen Fredericia"]
[Result "1/2-1/2"]
[WhiteElo "2360"]
[BlackElo "2142"]
[Annotator "ChessBase"]
[PlyCount "130"]
[EventDate "2022.??.??"]
[TimeControl "60"]

1. d4 Nf6 2. Nf3 g6 3. Nbd2 d5 4. e3 Bg7 5. b4 O-O 6. c4 b6 7. Bb2 c5 8. bxc5 bxc5 9. dxc5 Qc7 10. Nb3 Rd8 11. Qc1 a5 12. Be5 Qa7 13.
Nfd4 Qb7 14. Rb1 Qd7 15. Be2 dxc4 16. Nd2 Nc6 17. Nxc4 Nxd4 18. Bxd4 Qe6 19. Nb6 Ra7 20. O-O Bb7 21. Rd1 Ne4 22. Bxg7 Rxd1+ 23. Qxd1 Kxg7 24. Qd4+ f6 25. Rb2 Qf5 26. f3 Nxc5 27. Na4 Nxa4 28. Rb5 Qc2 29. Qxa7 Qxe2 30. Rb1 Nc3 31. Qxb7 Qxe3+ 32. Kh1 Nxb1 33. Qxb1 a4 34. h3 a3 35. Qb4 h5 36. Qc4 g5 37. Qc2 g4 38. hxg4 hxg4 39. fxg4 Qe1+ 40. Kh2 Qh4+ 41. Kg1 Qxg4 42. Qd3 Qb4 43. Kf1 e5 44. Qd7+ Kh6 45. Qf7 Qd6 46. Ke2 e4 47. Ke3 Qg3+ 48. Kxe4 Qxg2+ 49. Kd4 Qb2+ 50. Ke3 Qb6+ 51. Kf3 Qd6 52. Qg8 Qd3+ 53. Kf2 f5 54. Qf7 Kg5 55. Qg8+ Kf4 56. Qb8+ Ke4 57. Qb7+ Kd4 58. Qb4+ Kd5 59. Qb7+ Kc5 60. Qa7+ Kb4 61. Qe7+ Kc4 62. Qc7+ Kd4 63. Qd6+ Ke4 64. Qc6+ Qd5 65. Qe8+ Qe5 1/2-1/2

[Event "44th Chess Olympiad Women 2022"]
[Site "Chennai"]
[Date "2022.08.05"]
[Round "7.17"]
[White "Kalaiyalahan, Akshaya"]
[Black "Kakulidis, Ellen"]
[Result "1-0"]
[WhiteElo "2158"]
[BlackElo "2057"]
[Annotator "ChessBase"]
[PlyCount "85"]
[EventDate "2022.??.??"]
[TimeControl "60"]

1. Nf3 d5 2. e3 c5 3. d4 e6 4. Be2 Nf6 5. O-O Nc6 6. b3 cxd4 7. exd4 Bd6 8.
Bg5 O-O 9. c3 h6 10. Bh4 Be7 11. Nbd2 b6 12. Bd3 Bb7 13. Qe2 Rc8 14. Rac1 Nd7 15. Bg3 Ba3 16. Rcd1 a5 17. Nb1 Be7 18. a4 Re8 19. Bf4 Bf6 20.
Ne5 Ncxe5 21. dxe5 Bg5 22. Bxg5 Qxg5 23. f4 Qe7 24. Rfe1 Nc5 25. Bc2 Red8 26. Rd4 Ba6 27. Qe3 b5 28. axb5 Bxb5 29. Nd2 Qc7 30. Rc1 Bc6 31. Nf3 Qb6 32. Rdd1 Rb8 33. Nd4 Bb7 34. Rb1 Nd7 35. Qd3 g6 36. Qg3 Kg7 37. Kh1 Rbc8 38. f5 Nf8 39. Rf1 Qc7 40. fxe6 Nxe6 41. Nxe6+ fxe6 42. Qxg6+ Kh8 43. Rf7 1-0